AoeStats
← karthiksandy19

Baltic

510877493Analyzed
2v2 RM · 23h ago on Oct 2, 2026· 50m 47s· 4 players
Game mode
Random Map
Map size
Medium (4 player)
Population
200
Speed
Normal
Resources
Standard
Victory
Conquest
Starting age
Dark Age
Ending age
Imperial Age
RankedLock teamsTeams togetherTeam positionsShared explorationLock speedFull tech treeHidden civsTurbo modeCheats
Victory
Defeat
🇦🇷 Maya · Argentina
470
+14
🇮🇳 Chinese · India
449
+14
🇦🇷 Chinese · Argentina
423
-14
🇦🇷 Vikings · Argentina
422
-14
Conejo Malo
0:36 Loom
10:25 Feudal Age
13:49 Double-Bit Axe
24:50 Castle Age
25:14 Fletching
25:27 Padded Archer Armor
25:39 Forging
25:35 Scale Barding Armor
26:01 Bow Saw
30:31 Bodkin Arrow
vortice_anonimo
11:51 Feudal Age
19:18 Castle Age
20:22 Double-Bit Axe
21:05 Horse Collar
22:35 Gold Mining
24:23 Heavy Plow
26:26 Bow Saw
27:35 Gold Shaft Mining
26:52 Stone Mining
32:06 Imperial Age
31:37 Ballistics
36:40 Forging
36:31 Scale Mail Armor
37:45 Scale Barding Armor
38:18 Iron Casting
39:31 Elite Varangian Guard
43:06 Arson
46:26 Chain Mail Armor
47:12 Blast Furnace
45:56 Elite Berserk
48:44 Chemistry
47:53 Siphons
48:22 Plate Mail Armor
49:00 Two-Man Saw
50:42 Medium Warships
50:07 Elite Longship
50:59 Medium Warships
karthiksandy19
13:55 Feudal Age
15:16 Wheelbarrow
17:25 Horse Collar
17:58 Double-Bit Axe
19:02 Fletching
19:12 Padded Archer Armor
19:19 Gold Mining
19:19 Stone Mining
20:55 Scale Barding Armor
21:01 Forging
24:07 Bloodlines
26:45 Castle Age
28:40 Hand Cart
28:27 Heavy Plow
28:40 Bow Saw
27:55 Light Cavalry
28:36 Husbandry
28:34 Bodkin Arrow
28:55 Leather Archer Armor
29:16 Iron Casting
29:37 Gold Shaft Mining
29:38 Stone Shaft Mining
30:13 Chain Barding Armor
35:46 Imperial Age
38:43 Bracer
39:45 Blast Furnace
39:21 Plate Barding Armor
39:18 Ring Archer Armor
40:14 Ballistics
40:54 Chemistry
40:31 Careening
40:44 Shipwright
40:36 Clinker Construction
41:37 Two-Man Saw
40:50 Cavalier
43:02 Elite Chu Ko Nu
44:13 Dry Dock
43:49 Murder Holes
ElPadrePaco
7:32 Loom
10:16 Feudal Age
10:53 Double-Bit Axe
14:29 Arson
16:05 Horse Collar
16:39 Man-at-Arms
23:03 Castle Age
21:26 Scale Mail Armor
21:37 Forging
22:01 Forging
23:51 Squires
24:12 Long Swordsman
27:36 Wheelbarrow
28:20 Iron Casting
30:10 Heavy Plow
31:37 Bow Saw
33:06 Chain Mail Armor
38:59 Imperial Age
37:45 Padded Archer Armor
37:35 Fletching
39:04 Two-Handed Swordsman
40:21 Plate Mail Armor
40:52 Blast Furnace
41:31 Crop Rotation
41:24 Fishing Lines
41:43 Treadmill Crane
42:17 Masonry
42:02 Murder Holes
43:13 Hand Cart
45:37 Architecture
47:00 Hand Cart
48:57 Two-Man Saw
48:13 Fortified Wall
50:14 Conscription
Connection lost

Rejoining the realm…

Still unreachable

The connection could not be restored.

Session expired

The server has moved on; the page needs a fresh start.